 Dungeon Crawl Stone Soup version 0.30-a0-860-g512cf1e979 (webtiles) character file.

Game seed: 8617028576228455429

2205 jimonade the Thaumaturge (level 9, -3/58 HPs)
             Began as a Djinni Warper on Mar 7, 2023.
             Was a Believer of Okawaru.
             Slain by a sky beast (5 damage)
             ... on level 7 of the Dungeon.
             The game lasted 00:16:18 (7870 turns).

jimonade the Thaumaturge (Djinni Warper)            Turns: 7870, Time: 00:16:19

Health: -3/58      AC:  9    Str: 14    XL:     9   Next: 60%
Gold:   539        EV: 13    Int: 14    God:    Okawaru [**....] SH:  5 Dex: 14

rFire   + + .      SeeInvis .    a - +2 whip (elec)
rCold   x . .      Faith    .    N - +0 buckler
rNeg    + . .      Spirit   .    r - +0 ring mail
rPois   ∞          Reflect  .    w - +0 helmet
rElec   .          Rampage  .    (no cloak)
rCorr   +                        y - +0 pair of gloves
Will    .....                    (boots unavailable)
Stlth   ++                       (no amulet)
HPRegen 0.29/turn                j - ring of resist corrosion
MPRegen 0.00/turn                H - ring of positive energy

@: heroic, flying
A: sickness immunity, fire resistance 2, cold vulnerability 1, float, innate
caster, HP casting, extra vitality 1
a: Renounce Religion, Heroism


You were on level 7 of the Dungeon.
You worshipped Okawaru.
Okawaru was pleased with you.
You visited 2 branches of the dungeon, and saw 8 of its levels.

You collected 539 gold pieces.

Inventory:

Hand Weapons
 a - a +2 whip of electrocution (weapon)
 b - the +9 hand axe of Beogh's Envy {freeze, rC+ Stlth+}
   (You found it on level 5 of the Dungeon)

   rC:        It protects you from cold.
   Stlth:     It makes you more stealthy.
 p - a +1 sling of freezing
 q - a +0 spear
 x - a +0 vampiric dagger
 B - a +0 flail of protection
 C - a +0 scimitar
Missiles
 d - 7 boomerangs of dispersal
 m - 17 poisoned darts
 P - 2 atropa-tipped darts
Armour
 r - a +0 ring mail (worn)
 v - a +2 animal skin
 w - a +0 helmet (worn)
 y - a +0 pair of gloves (worn)
 N - a +0 buckler (worn)
 R - a +0 leather armour
Magical Staves
 F - a staff of poison
Jewellery
 j - a ring of resist corrosion (left hand)
 H - a ring of positive energy (right hand)
Scrolls
 c - a scroll of blinking
 e - 5 scrolls of identify {unknown}
 k - 4 scrolls of poison {unknown}
 l - 6 scrolls of fog {unknown}
 n - a scroll of immolation {unknown}
 s - 2 scrolls of enchant armour {unknown}
 u - 3 scrolls of teleportation {unknown}
 I - a scroll of magic mapping {unknown}
 J - a scroll of silence {unknown}
 K - a scroll of enchant weapon {unknown}
 L - a scroll of torment {unknown}
 M - a scroll of brand weapon {unknown}
 Q - a scroll of amnesia {unknown}
 S - a scroll of noise {unknown}
Potions
 f - a potion of cancellation {unknown}
 g - a potion of degeneration {unknown}
 h - 3 potions of lignification {unknown}
 i - 4 potions of haste {unknown}
 o - a potion of magic {unknown}
 t - a potion of brilliance {unknown}
 z - 3 potions of attraction {unknown}
 A - a potion of ambrosia {unknown}
 D - a potion of berserk rage {unknown}
 E - a potion of mutation {unknown}
 G - a potion of might
 O - a potion of curing {unknown}


   Skills:
 - Level 2.0(7.0) Fighting
 - Level 1.5(6.5) Polearms
 - Level 0.7(5.7) Throwing
 + Level 3.0(8.0) Armour
 + Level 2.7(7.7) Dodging
 + Level 0.3(5.3) Shields
 + Level 9.3 Spellcasting


You knew the following spells:

 Your Spells              Type           Power      Damage    Failure   Level
a - Blink                 Tloc           64%        N/A       1%          2
b - Lesser Beckoning      Tloc           64%        N/A       1%          2
c - Vhi's Electric Charg  Tloc/Air       64%        N/A       1%          3
d - Teleport Other        Tloc           32%        N/A       1%          3
e - Manifold Assault      Tloc           32%        N/A       5%          4
f - Necrotise             Necr           100%       1d9       1%          1
g - Searing Ray           Conj           64%        2d6       1%          2
h - Momentum Strike       Conj/Tloc      64%        3d9       1%          2
i - Portal Projectile     Hex/Tloc       64%        N/A       1%          3
Your spell library was empty.

Dungeon Overview and Level Annotations

Branches:
Dungeon (7/15)             Temple (1/1) D:4

Altars:
Ashenzari
Cheibriados
Dithmenos
Elyvilon
Fedhas
Gozag
Hepliaklqana
Nemelex Xobeh
Okawaru
Qazlal
Ru
Trog
Uskayaw
Wu Jian
Xom
Yredelemnul
Zin
The Shining One

Shops:
D:4 [

Annotations:
D:3 3 runed translucent doors, lunkers's ghost, amateur MeWr


Innate Abilities, Weirdness & Mutations

You are immune to sickness and miasma.
You are immune to poison.
Your flesh is very heat resistant. (rF++)
You are vulnerable to cold. (rC-)
You float through the air rather than walking.
You learn spells naturally, not from books.
Your magical power is your life essence.
You have superior vitality. (+4 MHP)


Message History

Something shocks you.
* * * LOW HITPOINT WARNING * * *
You miss something.
A sky beast appears from thin air!
Reactivating autopickup.
The sky beast hits you but does no damage.
You hit the sky beast but do no damage.
The sky beast is lightly wounded.
The sky beast flickers out of sight!
Deactivating autopickup; reactivate with Ctrl-A.
Something hits you but does no damage.
You hit something but do no damage. Something hits you but does no damage.
Something hits you.
* * * LOW HITPOINT WARNING * * *
Something shocks you.
* * * LOW HITPOINT WARNING * * *
You miss something. Something hits you but does no damage.
You miss something. Something hits you but does no damage.
You hit something but do no damage.
A sky beast appears from thin air!
Reactivating autopickup.
The sky beast hits you but does no damage.
You barely miss the sky beast.
The sky beast is lightly wounded.
The sky beast hits you but does no damage.
You barely miss the sky beast.
The sky beast is lightly wounded.
You block the sky beast's attack.
You barely miss the sky beast.
The sky beast is lightly wounded.
The sky beast barely misses you.
The sky beast hits you but does no damage.
You barely miss the sky beast.
The sky beast is lightly wounded.
You block the sky beast's attack.
You gain the combat prowess of a mighty hero.
The sky beast flickers out of sight!
Deactivating autopickup; reactivate with Ctrl-A.
Something hits you.
* * * LOW HITPOINT WARNING * * *
Something shocks you.
You die...

. ... #.#.#######.# #.#
#.#.........#
#.####.######.###########
#.............#
######.######## #.# #.#
##.######### #......{@..#
#..........# #..........#
#..........# #..........#
##.....##### #####.# ..#


There were no monsters in sight!

Vanquished Creatures
  Pikel (D:7)
  Grinder (D:5)
  A steam dragon (D:7)
  3 water moccasins
  An ogre (D:6)
  3 lemures (D:7)
  A phantom (D:4)
  A bullfrog (D:7)
  3 scorpions
  A gnoll sergeant (D:7)
  2 howler monkeys
  An orc priest (D:5)
  A gnoll bouda (D:5)
  A hound (D:4)
  A jelly (D:4)
  2 sleepcaps (D:5)
  3 iguanas
  2 orc wizards (D:5)
  Robin (D:3)
  7 gnolls
  7 adders
  A shadow imp (D:6)
  4 ufetubi
  3 worms
  A dart slug (D:1)
  13 orcs
  3 ball pythons
  9 bats
  5 endoplasms
  4 giant cockroaches
  8 goblins
  11 hobgoblins
  7 jackals
  4 quokkas
  4 frilled lizards
  5 kobolds
  6 rats
132 creatures vanquished.

Vanquished Creatures (collateral kills)
  A dart slug (D:1)
  A ball python (D:2)
2 creatures vanquished.

Vanquished Creatures (others)
  4 plants (D:4)
4 creatures vanquished.

Grand Total: 138 creatures vanquished

Notes
Turn   | Place    | Note
-------+----------+-------------------------------------------
     0 | D:1      | jimonade the Djinni Warper began the quest for the Orb.
     0 | D:1      | jimonade set off with the following spells memorised:
                  | Blink, Lesser Beckoning, Vhi's Electric Charge, Teleport
                  | Other, Manifold Assault.
     0 | D:1      | Reached XP level 1. HP: 18/18 MP: 0/0
   161 | D:1      | Reached XP level 2. HP: 19/23 MP: 0/0
   299 | D:1      | Reached skill level 3 in Spellcasting
   599 | D:1      | Reached XP level 3. HP: 26/28 MP: 0/0
   599 | D:1      | Learned a level 1 spell: Necrotise
  1177 | D:2      | Reached XP level 4. HP: 18/33 MP: 0/0
  2129 | D:3      | Found a runed translucent gate.
  2130 | D:3      | Found a runed translucent gate.
  2131 | D:3      | Found a runed translucent gate.
  2133 | D:3      | Noticed lunkers's ghost (amateur MeWr)
  2183 | D:3      | Noticed Robin
  2475 | D:3      | Reached skill level 4 in Spellcasting
  2796 | D:3      | Killed Robin
  2803 | D:3      | Reached XP level 5. HP: 29/38 MP: 0/0
  2803 | D:3      | Learned a level 2 spell: Searing Ray
  2933 | D:3      | Found a broken altar of Ashenzari.
  3392 | D:4      | Reached XP level 6. HP: 29/43 MP: 0/0
  3622 | D:4      | Reached skill level 5 in Spellcasting
  3695 | D:4      | Found an opulent altar of Gozag.
  3722 | D:4      | Found a staircase to the Ecumenical Temple.
  3731 | Temple   | Entered the Ecumenical Temple
  4064 | Temple   | Became a worshipper of Warmaster Okawaru
  4144 | D:4      | Found Bufer's Armour Shop.
  4306 | D:5      | Entered Level 5 of the Dungeon
  4417 | D:4      | Reached XP level 7. HP: 18/49 MP: 0/0
  4417 | D:4      | Learned a level 2 spell: Momentum Strike
  4695 | D:5      | Reached skill level 6 in Spellcasting
  4760 | D:5      | Reached * piety under Okawaru
  5074 | D:5      | Identified the +9 hand axe of Beogh's Envy {freeze, rC+
                  | Stlth+}
  5235 | D:5      | Noticed Grinder
  5257 | D:5      | Paralysed by Grinder for 5 turns
  5294 | D:4      | Reached XP level 8. HP: 48/54 MP: 0/0
  5367 | D:5      | Killed Grinder
  5368 | D:5      | Reached skill level 7 in Spellcasting
  5632 | D:6      | Reached ** piety under Okawaru
  5836 | D:6      | Reached skill level 8 in Spellcasting
  6811 | D:6      | Reached XP level 9. HP: 53/58 MP: 0/0
  6811 | D:6      | Learned a level 3 spell: Portal Projectile
  7546 | D:7      | Noticed Pikel
  7583 | D:7      | Killed Pikel
  7584 | D:7      | Reached skill level 9 in Spellcasting
  7870 | D:7      | HP: 2/58 [something (3)]
  7870 | D:7      | Slain by a sky beast

Illustrated notes

Levels and vault maps discovered:
D:1:      evilmike_arrival_plus, layout_basic, serial_glass, glass_columns_c,
          glass_columns_a, serial_bayou_pond_e, serial_bayou_lagoon_b
D:2:      layout_basic
D:3:      layout_basic, overflow_temple_1_default, ebering_ghost_rock_garden,
          uniq_robin
D:4:      kennysheep_six_static_rooms, layout_basic, lemuel_tele_altar,
          minmay_temple_entry_gardened_gates, serial_shops, shop_coins
D:5:      layout_rooms, uniq_grinder
D:6:      layout_cave_pools, serial_co_window_serial,
          co_window_of_opportunity_a, co_window_corner_a, co_window_paths_b,
          co_window_paths_a, co_window_of_opportunity_a, co_window_broadway_a,
          co_window_unsneaky_path_b, co_window_broadway_c, co_window_corner_b,
          co_window_cross_3, co_window_broadway_a, co_window_cross_2,
          co_window_paths_d, glass_columns_b, glass_columns_b, glass_columns_a
D:7:      layout_basic, lemuel_flame_loot_1, uniq_pikel
Temple:   compressed_dpeg_triangle_lava_temple

Skill      XL: |  1  2  3  4  5  6  7  8  9 |
---------------+----------------------------+-----
Spellcasting   | 3 4 5 6 8 9 |  9.3
Armour         | 3 |  3.0
Fighting       | |  2.0
Polearms       | |  1.5
Throwing       | |  0.7
Dodging        | |  2.7
Shields        | |  0.3

Action                     |  1- 3 |  4- 6 |  7- 9 || total
---------------------------+-------+-------+-------++-------
  Melee: Spear             |   100 |     6 |       ||   106
         Scimitar          |       |    28 |       ||    28
         Hand axe          |       |       |    86 ||    86
         Punch             |       |       |     1 ||     1
         Whip              |       |       |    25 ||    25
   Cast: Necrotise         |    28 |    66 |       ||    94
         Searing Ray       |       |    25 |    33 ||    58
         Vhi's Electric Ch |       |       |     9 ||     9
         Manifold Assault  |       |       |     4 ||     4
         Blink             |       |       |     1 ||     1
 Invoke: Heroism           |       |       |     2 ||     2
   Stab: Sleeping          |       |       |     1 ||     1
 Armour: Leather armour    |    43 |     8 |       ||    51
         Ring mail         |       |    23 |    42 ||    65
  Dodge: Dodged            |    72 |    45 |    58 ||   175
  Block: Buckler           |       |       |     6 ||     6

Table legend: (Time is in decaauts)
 A = Elapsed time spent in this place.
 B = Non-inter-level travel time spent in this place.
 C = Inter-level travel time spent in this place.
 D = Time resting spent in this place.
 E = Time spent auto-exploring this place.
 F = Levels seen in this place.
 G = Mean time per level.
                   A        B        C        D        E       F      G
               +--------+--------+--------+--------+--------+-----+--------+
         Total |   7912 |   7590 |    322 |    819 |   5162 |   8 |  989.0 |
       Dungeon |   7563 |   7270 |    293 |    819 |   4857 |   7 | 1080.4 |
        Temple |    348 |    319 |     29 |      0 |    305 |   1 |  348.0 |
               +--------+--------+--------+--------+--------+-----+--------+

Top non-repeatable levels by time:
     D:6: 1460 daAuts
     D:2: 1219 daAuts
     D:4: 1183 daAuts
     D:3: 1005 daAuts
     D:5: 990 daAuts
     D:7: 862 daAuts
     D:1: 841 daAuts
  Temple: 348 daAuts
